 Dungeon Crawl Stone Soup version 0.30-a0-305-g026cb31310 (webtiles) character file.

Game seed: 18340664163254280181

22 Sweetruy1997 the Trooper (level 2, -9/24 HPs)
             Began as a Demonspawn Chaos Knight on Oct 22, 2022.
             Was a Plaything of Xom.
             Mangled by a black mamba (shapeshifter) (14 damage)
             ... on level 1 of the Dungeon.
             The game lasted 00:02:11 (372 turns).

Sweetruy1997 the Trooper (Demonspawn Chaos Knight)   Turns: 372, Time: 00:02:12

Health: -9/24      AC:  5    Str: 12    XL:     2   Next: 68%
Magic:  2/2        EV: 11    Int: 13    God:    Xom [..*...]
Gold:   116        SH:  0    Dex: 12    Spells: 1/1 levels left

rFire   . . .      SeeInvis .    a - +0 falchion (chaos)
rCold   . . .      Faith    .    (no shield)
rNeg    . . .      Spirit   .    b - +2 leather armour
rPois   .          Reflect  .    (helmet restricted)
rElec   .          Harm     .    (no cloak)
rCorr   .          Rampage  .    (no gloves)
Will    .....                    (no boots)
Stlth   +.........               (no amulet)
HPRegen 0.24/turn                (no ring)
MPRegen 0.08/turn                (no ring)

@: brilliant, lethally poisoned (-9 -> -22)
A: antennae 1
a: Renounce Religion


You were on level 1 of the Dungeon.
You worshipped Xom.
You were a toy of Xom.
You visited 1 branch of the dungeon, and saw 1 of its levels.

You collected 116 gold pieces.

Inventory:

Hand Weapons
 a - a +0 falchion of chaos (weapon)
Armour
 b - a +2 leather armour (worn)
Scrolls
 d - a scroll of butterflies {unknown}
 e - a scroll of identify {unknown}
 f - a scroll of amnesia {unknown}
Miscellaneous
 c - a piece from Xom's chessboard (8/15) (quivered)


   Skills:
 + Level 3.4 Fighting
 + Level 3.0 Long Blades
 + Level 2.1 Armour
 + Level 0.9 Dodging
 + Level 0.4 Evocations


You had one spell level left.
You didn't know any spells.
Your spell library was empty.

Dungeon Overview and Level Annotations

Branches:
Dungeon (1/15)

Altars:


Innate Abilities, Weirdness & Mutations

You have a pair of small antennae on your head.


Message History

[Y]es or [N]o only, please.
You can't see anything.
Try to make a move anyway? [Y]es or [N]o only, please.
You can't see anything.
Try to make a move anyway?
Okay, then.
A dart slug comes into view.
You hit the dart slug.
The dart slug is heavily wounded.
The dart slug bites you.
You hit the dart slug.
You kill the dart slug!
Your Long Blades skill increases to level 3!
No target in view!
You see here a dart slug corpse.
You sense a monster nearby.
A bat comes into view.
The bat barely misses you.
You make a move on Xom's chessboard...
The bat twists and deforms.
The bat closely misses you. The bat closely misses you.
You barely miss the bat. The bat closely misses you.
The bat completely misses you.
You miss the bat. The bat hits you but does no damage.
You barely miss the bat. The bat hits you but does no damage.
The bat barely misses you.
You hit the bat.
The bat changes into a shapeshifter!
Xom is highly amused!
The shapeshifter changes into a black mamba!
You closely miss the black mamba. The black mamba bites you!
Ouch! That really hurt!
You are lethally poisoned!
The black mamba poisons you!
It was a potion of brilliance.
You feel clever all of a sudden.
Xom roars with laughter!
* * * LOW HITPOINT WARNING * * *
You feel very sick. The black mamba bites you!
Ouch! That really hurt!
You die...
Xom howls with laughter!

# # # #
#############
#............
#.########### #
########### #.#
#. # ........@.#
#.# #. #
........#S..#.#
#. #
........#####.#
#. #
..............#
#. ##
####+#.########
#.
.###########.#.
#.
.##..........#.#
###########
...........#.#.#
...........
.#..............
...........


You could see a black mamba shaped shifter.

Vanquished Creatures
  A dart slug (D:1)
  3 ball pythons (D:1)
  4 bats (D:1)
  2 endoplasms (D:1)
  A giant cockroach (D:1)
  2 goblins (D:1)
  2 jackals (D:1)
  4 rats (D:1)
19 creatures vanquished.

Notes
Turn   | Place    | Note
-------+----------+-------------------------------------------
     0 | D:1      | Sweetruy1997 the Demonspawn Chaos Knight began the quest
                  | for the Orb.
     0 | D:1      | Reached XP level 1. HP: 18/18 MP: 1/1
    64 | D:1      | Gained mutation: You have a pair of small antennae on your
                  | head. [demonic ancestry]
    64 | D:1      | Reached XP level 2. HP: 24/24 MP: 2/2
   163 | D:1      | XOM: silly message
   192 | D:1      | Found a faded altar of an unknown god.
   199 | D:1      | XOM: silly message
   314 | D:1      | XOM: divination: detect items
   370 | D:1      | a bat changed into a shapeshifter
   370 | D:1      | Noticed a shapeshifter (shapeshifter)
   370 | D:1      | a shapeshifter changed into a black mamba
   370 | D:1      | Noticed a black mamba (shapeshifter)
   372 | D:1      | Mangled by a black mamba (shapeshifter)

Illustrated notes

Levels and vault maps discovered:
D:1:      grunt_arrival_lava_bath, layout_basic, basic_ecumenical_altar

Skill      XL: |  1  2 |
---------------+-------+-----
Armour         | 2 |  2.1
Long Blades    | 3 |  3.0
Fighting       | |  3.4
Dodging        | |  0.9
Evocations     | |  0.4

Action                   || total
-------------------------++-------
Melee: Falchion          ||    47
Evoke: Piece from Xom's  ||     8
  Use: Potion            ||     1
 Stab: Confused          ||     1
       Petrifying        ||     1
       Paralysed         ||     1
Armor: Leather armour    ||    26
Dodge: Dodged            ||    47

Table legend: (Time is in decaauts)
 A = Elapsed time spent in this place.
 B = Non-inter-level travel time spent in this place.
 C = Inter-level travel time spent in this place.
 D = Time resting spent in this place.
 E = Time spent auto-exploring this place.
 F = Levels seen in this place.
 G = Mean time per level.
                   A        B        C        D        E       F      G
               +--------+--------+--------+--------+--------+-----+--------+
         Total |    379 |    379 |      0 |      0 |    268 |   1 |  379.0 |
       Dungeon |    379 |    379 |      0 |      0 |    268 |   1 |  379.0 |
               +--------+--------+--------+--------+--------+-----+--------+

Top non-repeatable levels by time:
     D:1: 379 daAuts
